 Dungeon Crawl Stone Soup version 0.27-a0-1140-g099f9bb0e8 (webtiles) character file.

Game seed: 1123189561515873621

849 tilp the Frost Mage (level 7, -2/56 HPs)
             Began as a Demigod Ice Elementalist on May 9, 2021.
             Succumbed to a gnoll's poison
             ... on level 5 of the Dungeon.
             The game lasted 00:11:40 (6023 turns).

tilp the Frost Mage (Demigod Ice Elementalist)      Turns: 6023, Time: 00:11:41

Health: -2/56      AC:  3    Str:  9    XL:     7   Next: 41%
Magic:  10/13      EV: 12    Int: 25    God:
Gold:   88         SH:  0    Dex: 14    Spells: 3/10 levels left

rFire    . . .     SeeInvis .   a - +0 dagger (freeze)
rCold    . . .     Faith    .   (no shield)
rNeg     . . .     Spirit   .   c - +0 robe
rPois    .         Reflect  .   (no helmet)
rElec    .         Harm     .   (no cloak)
rCorr    .         Rampage  .   (no gloves)
Will     .....                  k - +0 pair of boots
Stlth    ++........             (no amulet)
HPRegen  0.18/turn              (no ring)
MPRegen  0.13/turn              (no ring)

@: lethally poisoned (-2 -> -14)
A: high mp 1, forlorn
a: no special abilities


You were on level 5 of the Dungeon.
You visited 1 branch of the dungeon, and saw 5 of its levels.

You collected 153 gold pieces.
You spent 65 gold pieces at shops.

Inventory:

Hand Weapons
 a - a +0 dagger of freezing (weapon)
Missiles
 e - 58 stones (quivered)
Armour
 c - a +0 robe (worn)
 d - a +0 leather armour
 k - a +0 pair of boots (worn)
Wands
 o - a wand of acid (7)
Scrolls
 b - 2 scrolls of teleportation
 n - 2 scrolls of blinking
 p - 2 scrolls of fear
Potions
 f - a potion of resistance
 g - a potion of brilliance
 h - a potion of mutation {unknown}
 i - 2 potions of curing {unknown}
 j - 2 potions of heal wounds {unknown}
 l - a potion of attraction {unknown}
 m - a potion of flight {unknown}


   Skills:
 + Level 2.6 Fighting
 + Level 2.6 Dodging
 - Level 2.0 Stealth
 - Level 2.0 Spellcasting
 - Level 8.0 Ice Magic


You had 3 spell levels left.
You knew the following spells:

 Your Spells              Type           Power      Damage    Failure   Level
a - Freeze                Ice            100%       1d11      1%          1
b - Frozen Ramparts       Ice            84%        1d10      1%          3
c - Ozocubu's Armour      Ice            42%        N/A       1%          3

Your spell library contained the following spells:

 Spells                   Type           Power      Damage    Failure   Level
 Ensorcelled Hibernation  Hex/Ice        44%        N/A       3%          2
 Beastly Appendage        Tmut           4%         N/A       11%         1
 Corona                   Hex            2%         N/A       11%         1
 Wereblood                Tmut           2%         N/A       17%         2
 Confusing Touch          Hex            2%         N/A       32%         3
 Dazzling Flash           Conj/Hex       4%         N/A       32%         3
 Spider Form              Tmut/Pois      1%         N/A       32%         3
 Tukima's Dance           Hex            2%         N/A       32%         3
 Hailstorm                Conj/Ice       22%        3d7       22%         4
 Ice Form                 Ice/Tmut       22%        N/A       22%         4
 Metabolic Englaciation   Hex/Ice        11%        N/A       52%         5
 Hydra Form               Tmut           1%         N/A       97%         5


Dungeon Overview and Level Annotations

Branches:
Dungeon (5/15)             Temple (0/1) D:4

Shops:
D:1 ?   D:3 (

Annotations:
D:4 Edmund


Innate Abilities, Weirdness & Mutations

Your attributes grow dramatically as you level up.
You have an increased reservoir of magic. (+10% MP)
You shall have no god before yourself.


Message History

The wall freezes the orc.
The orc zaps a wand.
The bolt of acid hits you!!
* * * LOW HITPOINT WARNING * * *
The acid corrodes you!
You are splashed with acid!
* * * LOW HITPOINT WARNING * * *
Your magical contamination has completely faded away.
Unknown command.
The wall freezes the orc.
Casting: Frozen Ramparts (safe; 1% risk of failure)
Confirm with . or Enter, or press ? or * to list all spells.
Aiming: Freeze (safe; 1% risk of failure)
Press: ? - help, Shift-Dir - straight line, f - orc
Aim: an orc, wielding a +0 club and carrying a wand of acid (7) (heavily wounded)
You freeze the orc.
The orc is severely wounded.
The wall freezes the orc!
You kill the orc!
You start resting.
The frozen ramparts melt away.
You start resting.
A phantom is nearby!
Your icy armour will break if you move.
Continue?
Your icy armour cracks and falls away as you move.
o - a wand of acid (7);
i - 2 viscous puce potions (gained 1)
Items here: )) [ †.
Unknown command.
A gnoll comes into view. It is wielding a +2 spear of venom.
Things that are here:
a +0 dagger; a +0 robe You are no longer corroded.
The phantom hits you.
* * * LOW HITPOINT WARNING * * *
There is a stone staircase leading up here.
Really walk into that dispersal trap?
You enter a dispersal trap!
The phantom blinks!
You blink.
The gnoll barely misses you.
The gnoll hits you from afar with a +2 spear of venom!
* * * LOW HITPOINT WARNING * * *
You are lethally poisoned!
* * * LOW HITPOINT WARNING * * *
You feel very sick.
You die...

#'#...#.#..#.# ..... #
..#...#....#.# #.##.###.#W#
..#...#.#....###.##[#.....#
.................##.....#.#
.....#........##.##.###...#
...>...#......##.##.....#.#
.....######...##.##.##....#
...#...^8^....W..........##
......#####<....@...##.###
#......#.....g####.....#
#.####.#......# #..##.# #.#
#.#####..####.###.#
#.####.................#
#..................###.#
#######.####.#####.#
#.####.# #.# #..g...# #.#


You could see a phantom and a gnoll.

Vanquished Creatures
  Sigmund (D:3)
  A black bear (D:4)
  An ogre (D:4)
  An elf zombie (D:5)
  2 scorpions (D:5)
  3 hounds (D:4)
  A bullfrog skeleton (D:5)
  An iguana (D:5)
  An orc wizard (D:5)
  A hound skeleton (D:4)
  6 adders
  2 adder skeletons (D:4)
  4 worms
  4 dart slugs
  3 orcs
  7 endoplasms
  3 giant cockroaches
  5 goblins
  4 hobgoblins
  9 jackals (D:1)
  A kobold (D:1)
  7 quokkas
  5 ball pythons
  4 bats
  2 frilled lizards
  4 rats
83 creatures vanquished.

Notes
Turn   | Place    | Note
-------+----------+-------------------------------------------
     0 | D:1      | tilp the Demigod Ice Elementalist began the quest for the
                  | Orb.
     0 | D:1      | Reached XP level 1. HP: 14/14 MP: 5/5
   342 | D:1      | Found Cus Gias's Magic Scroll Emporium.
   684 | D:1      | Reached skill level 4 in Ice Magic
   685 | D:1      | Reached XP level 2. HP: 19/20 MP: 4/7
  1523 | D:2      | Reached XP level 3. HP: 25/26 MP: 4/8
  2198 | D:2      | Learned a level 3 spell: Ozocubu's Armour
  2297 | D:1      | Bought a scroll of teleportation for 30 gold pieces
  2458 | D:3      | Reached skill level 5 in Ice Magic
  2514 | D:3      | Reached XP level 4. HP: 33/33 MP: 1/9
  2518 | D:3      | Learned a level 3 spell: Frozen Ramparts
  2644 | D:3      | Noticed Sigmund
  2692 | D:3      | Found Kepsyw's Weapon Shoppe.
  3158 | D:4      | Noticed an ogre
  3158 | D:4      | Noticed a black bear
  3621 | D:4      | Reached skill level 6 in Ice Magic
  3621 | D:4      | Reached XP level 5. HP: 32/38 MP: 1/10
  3710 | D:4      | Found a staircase to the Ecumenical Temple.
  3881 | D:4      | Killed an ogre
  3959 | D:4      | Killed a black bear
  3960 | D:4      | Reached skill level 7 in Ice Magic
  3960 | D:4      | Reached XP level 6. HP: 37/45 MP: 0/11
  4432 | D:4      | Noticed Edmund
  4983 | D:1      | Bought a scroll of fear for 35 gold pieces
  5110 | D:3      | Killed Sigmund
  5175 | D:5      | Entered Level 5 of the Dungeon
  5221 | D:5      | Reached skill level 8 in Ice Magic
  5238 | D:5      | Reached XP level 7. HP: 40/50 MP: 4/13
  5364 | D:5      | Reached skill level 1 in Fighting
  5405 | D:5      | Identified the +1 robe of Agnosticism {Harm}
  6022 | D:5      | HP: 1/56 [poisoned by a gnoll]
  6023 | D:5      | Succumbed to a gnoll's poison

Illustrated notes

Levels and vault maps discovered:
D:1:      lightli_arrival_flooded_house, layout_loops_corners,
          hellmonk_ecumenical_altar_arch_garden, serial_shops,
          nicolae_shop_behind_doors
D:2:      layout_rooms
D:3:      layout_basic, lightli_temple_of_fire, serial_shops, shop,
          chequers_serial_rivers_large_b, uniq_sigmund
D:4:      layout_cave_pods, pf_just_have_faith,
          beargit_hepliaklqana_dungeon_heroes, minmay_temple_entry_mini_moons,
          serial_column_ruins, column_ruins_open_small, column_ruins_open_tiny,
          column_ruins_grid_2
D:5:      black_bear_nest_2, layout_basic, nicolae_ossuary_entry_catacombs,
          ebering_dispersal_statue_hall

Skill      XL: |  1  2  3  4  5  6  7 |
---------------+----------------------+-----
Spellcasting   | 2 |  2.0
Ice Magic      | 4 5 6 7 8 |  8.0
Fighting       | 2 |  2.6
Dodging        | 2 |  2.6
Stealth        | 2 |  2.0

Action                   |  1- 3 |  4- 6 |  7- 9 || total
-------------------------+-------+-------+-------++-------
Melee: Unarmed           |     6 |       |       ||     6
       Dagger            |     3 |    87 |    67 ||   157
Throw: Stone             |    10 |     9 |     4 ||    23
 Cast: Freeze            |    71 |    44 |    12 ||   127
       Ozocubu's Armour  |     1 |    11 |     6 ||    18
       Frozen Ramparts   |       |     7 |     3 ||    10
  Use: Scroll            |     4 |     4 |       ||     8
 Stab: Sleeping          |     1 |     1 |       ||     2
Armor: Robe              |    10 |    37 |    18 ||    65
Dodge: Dodged            |    31 |    82 |    33 ||   146

Table legend: (Time is in decaauts)
 A = Elapsed time spent in this place.
 B = Non-inter-level travel time spent in this place.
 C = Inter-level travel time spent in this place.
 D = Time resting spent in this place.
 E = Time spent auto-exploring this place.
 F = Levels seen in this place.
 G = Mean time per level.
                   A        B        C        D        E       F      G
               +--------+--------+--------+--------+--------+-----+--------+
         Total |   6064 |   5489 |    575 |   1415 |   3003 |   5 | 1212.8 |
       Dungeon |   6064 |   5489 |    575 |   1415 |   3003 |   5 | 1212.8 |
               +--------+--------+--------+--------+--------+-----+--------+

Top non-repeatable levels by time:
     D:4: 1941 daAuts
     D:1: 1709 daAuts
     D:3: 1038 daAuts
     D:2: 787 daAuts
     D:5: 588 daAuts
